 Seeded DCSS version 0.30.1-4-g462c640d31 (webtiles) character file.

Game seed: 17240320426032667698 (custom seed)

5517 Psyclone the Tainter (level 10, -4/56 HPs)
             Began as an Octopode Venom Mage on Sept 18, 2023.
             Was an Initiate of Gozag.
             Slain by a two-headed ogre
             ... wielding a +0 giant spiked club
              (22 damage)
             ... on level 9 of the Dungeon.
             The game lasted 00:28:04 (9274 turns).

Psyclone the Tainter (Octopode Venom Mage)          Turns: 9274, Time: 00:28:05

Health: -4/56      AC:  3    Str: 13    XL:     10   Next: 70%
Magic:  17/25      EV: 18    Int: 25    God:    Gozag
Gold:   914        SH:  0    Dex: 12    Spells: 22/32 levels left

rFire   + + .        b - +4 rapier (elec)
rCold   . . .        (no shield)
rNeg    . . .        (helmet restricted)
rPois   .            (no amulet)
rElec   .            h - +5 ring of evasion
rCorr   .            r - +6 ring of strength
SInv    .            u - ring of protection from fire
Will    +....        E - ring of protection from fire
Stlth   +++          (no ring)
HPRegen 0.29/turn    (no ring)
MPRegen 0.19/turn    (no ring)
                     (no ring)

%: no passive effects
@: no status effects
A: almost no armour, amphibious, 8 rings, camouflage 1, gelatinous body 1,
(nimble swimmer 1), tentacles, iridescent scales 1, clever 1, strong-willed 1
a: Renounce Religion, Potion Petition, Call Merchant, Bribe Branch


You were on level 9 of the Dungeon.
You worshipped Gozag.
Gozag was pleased with you.
You visited 2 branches of the dungeon, and saw 10 of its levels.
You also visited: Bailey.

You collected 1074 gold pieces.
You paid 160 gold pieces to Gozag.

Inventory:

Hand Weapons
 a - a +3 dagger of venom
 b - a +4 rapier of electrocution (weapon)
Armour
 k - the +1 buckler of the Moon {Harm rC+ Str+2}
   (You found it on level 2 of the Dungeon)

   Str:       It affects your strength (+2).
   rC:        It protects you from cold.
   Harm:      It increases damage dealt and taken.
Jewellery
 c - an amulet of faith
 h - a +5 ring of evasion (left tentacle)
 r - a +6 ring of strength (right tentacle)
 u - a ring of protection from fire (on tentacle)
 x - a ring of fire
 E - a ring of protection from fire (on tentacle)
Wands
 p - a wand of flame (26)
 v - a wand of light (8)
 y - a wand of digging (5)
 A - a wand of charming (7)
Scrolls
 d - 3 scrolls of teleportation
 e - a scroll of fog
 j - a scroll of fear
 m - 2 scrolls of amnesia
 n - 2 scrolls of enchant armour
 s - 2 scrolls of butterflies
 z - a scroll of poison
 D - a scroll of identify {@r1}
Potions
 f - 3 potions of curing
 g - 2 potions of attraction
 i - 3 potions of magic
 l - 5 potions of heal wounds
 o - 3 potions of brilliance
 q - 3 potions of mutation
 t - 3 potions of might
 w - 5 potions of cancellation
 B - a potion of resistance
 C - a potion of haste


   Skills:
 - Level 2.0 Dodging
 - Level 2.6 Stealth
 + Level 11.5 Spellcasting
 - Level 1.0 Transmutations
 - Level 12.0 Poison Magic


You had 22 spell levels left.
You knew the following spells:

 Your Spells              Type           Power      Damage    Failure   Level
a - Poisonous Vapours     Pois/Air       88%        N/A       1%          2
b - Sting                 Tmut/Pois      100%       1d8       1%          1
d - Mephitic Cloud        Conj/Pois/Air  34%        N/A       2%          3
x - Olgreb's Toxic Radia  Pois           65%        N/A       1%          4

Your spell library contained the following spells:

 Spells                   Type           Power      Damage    Failure   Level
 Blink                    Tloc           28%        N/A       6%          2
 Lesser Beckoning         Tloc           28%        N/A       6%          2
 Momentum Strike          Conj/Tloc      28%        3d8       6%          2
 Hailstorm                Conj/Ice       14%        3d5       13%         3
 Ozocubu's Armour         Ice            14%        N/A       13%         3
 Ice Form                 Ice/Tmut       16%        N/A       34%         4
 Metabolic Englaciation   Hex/Ice        7%         N/A       75%         5
 Simulacrum               Ice/Necr       Unusable   N/A       N/A         6

Dungeon Overview and Level Annotations

Branches:
Dungeon (9/15) Zot: 26986  Temple (1/1) D:7 Zot: 5917  Bailey (visited)
   Lair: D:8-11         Orc: D:9-12

Altars:
Ashenzari
Cheibriados
Dithmenos
Elyvilon
Fedhas
Gozag
Hepliaklqana
Kikubaaqudgha
Makhleb
Okawaru
Qazlal
Ru
Sif Muna
Trog
Uskayaw
Vehumet
Wu Jian
Xom
Yredelemnul
Zin
The Shining One

Shops:
D:3 (   D:5 (   D:6 [!?[   D:8 ?


Innate Abilities, Weirdness & Mutations

You cannot wear most types of armour.
You are amphibious.
You can wear up to eight rings at the same time.
Your skin changes colour to match your surroundings (Stealth+).
Your rubbery body absorbs attacks. (AC +1, EV +1)
((You are camouflaged when in or above water. (Stealth+)))
You have tentacles for arms and can constrict up to eight enemies at once.
You are partially covered in iridescent scales. (AC +2)
Your mind is acute. (Int +4, Str/Dex -1)
You are strong-willed. (Will+)


Message History

You take 5 damage, and have 51/56 hp.
You now have 17/25 mp.
You kill the howler monkey!
The howler monkey hoots and howls with incredible vigour!
You hear a shout! x2
The water moccasin attacks as you move away!
The water moccasin misses you. The water moccasin barely misses you.
The two-headed ogre looks even sicker.
Your toxic aura wanes.
You hit the water moccasin. Your grab misses the water moccasin.
You squeeze the water moccasin.
You kill the water moccasin!
You barely miss the two-headed ogre. You squeeze the two-headed ogre!
The two-headed ogre is severely wounded.
You feel a bit more experienced. The two-headed ogre barely misses you.
The two-headed ogre hits you with a +0 giant club!
You take 14 damage, and have 38/56 hp.
MASSIVE DAMAGE!!
You barely miss the two-headed ogre. You squeeze the two-headed ogre.
The two-headed ogre is severely wounded.
The two-headed ogre barely misses you.
The two-headed ogre hits you with a +0 giant club!
You take 11 damage, and have 27/56 hp.
You hit the two-headed ogre but do no damage.
Your squeeze misses the two-headed ogre.
The two-headed ogre is severely wounded.
The two-headed ogre hits you with a +0 giant spiked club!
The two-headed ogre hits you with a +0 giant club.
You take 9 damage, and have 18/56 hp.
Casting: Olgreb's Toxic Radiance (safe; 1% risk of failure)
Confirm with . or Enter, or press ? or * to list all spells.
Aiming: Poisonous Vapours (safe; 1% risk of failure)
Press: ? - help, Dir - move target, f - two-headed ogre
Aim: a two-headed ogre, wielding a +0 giant spiked club and a +0 giant club (severely wounded, very poisoned) Poisonous vapours surround the two-headed ogre!
The two-headed ogre looks as sick as possible!
You now have 17/25 mp.
You hit the two-headed ogre.
The two-headed ogre is almost dead.
The two-headed ogre hits you with a +0 giant spiked club!!
You die...
Your body crumbles into a pile of gold.

$ ## .# .#
#.#####. ###
#......# ..####
#@##.....##
######O#........
.............$...
....###..<..h$...
## ##.........
........... $
#...........
#...........
#..#........


You could see a two-headed ogre (extremely poisoned).

Vanquished Creatures
  Pikel (D:8)
  Joseph (D:8)
  Maggie (D:7)
  A steam dragon (D:8)
  Eustachio (D:5)
  Grum (D:8)
  Menkaure (D:5)
  3 water moccasins
  An ice beast (D:7)
  A sky beast (D:6)
  3 orc warriors
  6 black bears
  2 wolves (D:8)
  2 centaurs
  A phantom (D:5)
  A kobold brigand (D:8)
  3 lemures (D:8)
  Blork the orc (D:5)
  A gnoll sergeant (D:8)
  5 bullfrogs
  2 scorpions
  5 wights (D:8)
  4 killer bees (D:7)
  3 howler monkeys
  An orc priest (D:6)
  A hound (D:4)
  Crazy Yiuf (D:6)
  2 jellies (D:8)
  9 sleepcaps
  3 iguanas
  2 orc wizards (D:8)
  Ijyb (D:5)
  17 gnolls
  7 adders
  A shadow imp (D:7)
  4 white imps
  3 ufetubi
  3 worms
  A dart slug (D:2)
  39 orcs
  6 endoplasms
  6 giant cockroaches
  9 goblins
  5 hobgoblins
  6 jackals
  2 kobolds
  3 quokkas (D:2)
  6 ball pythons
  4 bats (D:1)
  3 frilled lizards
  7 rats
203 creatures vanquished.

Notes
Turn   | Place    | Note
-------+----------+-------------------------------------------
     0 | D:1      | Psyclone the Octopode Venom Mage began the quest for the
                  | Orb.
     0 | D:1      | Reached XP level 1. HP: 11/11 MP: 3/3
   103 | D:1      | Reached skill level 4 in Poison Magic
   120 | D:1      | Reached XP level 2. HP: 17/17 MP: 5/5
   256 | D:1      | Learned a level 2 spell: Poisonous Vapours
   403 | D:1      | Reached skill level 5 in Poison Magic
   403 | D:1      | Reached XP level 3. HP: 12/21 MP: 1/6
  1002 | D:2      | Reached XP level 4. HP: 27/27 MP: 7/7
  1120 | D:2      | Identified the +1 buckler of the Moon {Harm rC+ Str+2}
  1411 | D:3      | Found Dimaaxef's Weapon Shoppe.
  1459 | D:3      | Found a radiant altar of Vehumet.
  1474 | D:3      | Reached skill level 6 in Poison Magic
  1693 | D:3      | Found a shimmering blue altar of Sif Muna.
  1772 | D:3      | Found a broken altar of Ashenzari.
  2163 | D:3      | Found a snail-covered altar of Cheibriados.
  2247 | D:3      | Reached XP level 5. HP: 31/31 MP: 8/8
  2267 | D:3      | Reached skill level 7 in Poison Magic
  2650 | D:4      | Noticed a black bear
  2674 | D:4      | Killed a black bear
  2675 | D:4      | Reached skill level 8 in Poison Magic
  2675 | D:4      | Reached XP level 6. HP: 30/36 MP: 0/9
  2818 | D:4      | Noticed a black bear
  2832 | D:4      | Killed a black bear
  2833 | D:4      | Reached skill level 9 in Poison Magic
  2906 | D:4      | Reached XP level 7. HP: 41/41 MP: 6/10
  3029 | D:4      | Found an ornate altar of the Wu Jian Council.
  3408 | D:5      | Entered Level 5 of the Dungeon
  3635 | D:5      | Noticed Ijyb
  3642 | D:5      | Killed Ijyb
  3643 | D:5      | Reached skill level 10 in Poison Magic
  3725 | D:5      | Noticed Blork the orc
  3737 | D:5      | Killed Blork the orc
  3950 | D:5      | Found Vesor's Weapon Boutique.
  4042 | D:5      | Reached skill level 11 in Poison Magic
  4042 | D:5      | Reached XP level 8. HP: 46/46 MP: 6/11
  4141 | D:5      | Noticed Menkaure
  4145 | D:5      | Killed Menkaure
  4367 | D:5      | Noticed Eustachio
  4378 | D:5      | Killed Eustachio
  4379 | D:5      | Reached skill level 12 in Poison Magic
  4769 | D:5      | Learned a level 4 spell: Olgreb's Toxic Radiance
  4773 | D:5      | Learned a level 3 spell: Mephitic Cloud
  4817 | D:6      | Found Viniph's Distillery.
  4943 | D:6      | Found a hide-covered altar of Uskayaw.
  5006 | D:6      | Found Vemopp's Antique Armour Boutique.
  5016 | D:6      | Found Batsul's Magic Scroll Shoppe.
  5215 | D:6      | Found Galan's Armour Emporium.
  5374 | D:6      | Reached skill level 5 in Spellcasting
  5570 | D:6      | Found a runed translucent door.
  5571 | D:6      | Noticed Crazy Yiuf
  5578 | D:6      | Killed Crazy Yiuf
  5579 | D:6      | Reached XP level 9. HP: 39/51 MP: 11/17
  5960 | D:6      | Gained mutation: You are partially covered in iridescent
                  | scales. (AC +2) [potion of mutation]
  5960 | D:6      | Gained mutation: Your mind is acute. (Int +4, Str/Dex -1)
                  | [potion of mutation]
  5960 | D:6      | Gained mutation: You are strong-willed. (Will+) [potion of
                  | mutation]
  6207 | D:7      | Noticed Maggie
  6221 | D:7      | Killed Maggie
  6698 | D:7      | Found a staircase to the Ecumenical Temple.
  6716 | Temple   | Entered the Ecumenical Temple
  6783 | Temple   | Became a worshipper of Gozag Ym Sagoz the Greedy
  7164 | D:8      | Found Qesisen's Magic Scroll Boutique.
  7179 | D:8      | Found a flagged portal.
  7230 | Bailey   | Entered a bailey
  7814 | D:8      | Noticed Grum
  7833 | D:8      | Killed Grum
  8000 | D:8      | Reached XP level 10. HP: 32/56 MP: 20/23
  8128 | D:8      | Found a burning altar of Makhleb.
  8189 | D:8      | Noticed Joseph
  8203 | D:8      | Killed Joseph
  8401 | D:8      | Noticed Pikel
  8420 | D:8      | Killed Pikel
  8421 | D:8      | Reached skill level 10 in Spellcasting
  8734 | D:8      | Found a bloodstained altar of Trog.
  8737 | D:8      | Found a basalt altar of Yredelemnul.
  8740 | D:8      | Found a white marble altar of Elyvilon.
  8743 | D:8      | Found a shimmering altar of Xom.
  9063 | D:8      | Identified the +2 robe of Spite {Str+3}
  9262 | D:9      | Noticed a two-headed ogre
  9274 | D:9      | Slain by a two-headed ogre

Illustrated notes

Levels and vault maps discovered:
D:1:      dreamdust_arrival_sigmund_warning, layout_basic, serial_forest,
          infiniplex_forest_lined_2, infiniplex_forest_join,
          infiniplex_forest_end_3, infiniplex_forest_straight_4,
          infiniplex_forest_lined_4_way, infiniplex_forest_clump_double,
          infiniplex_forest_3_way, infiniplex_forest_zigzag_1,
          infiniplex_forest_clump_C
D:2:      layout_basic, minmay_misc_feat_tower, minmay_pentomino_p2
D:3:      layout_basic, chei_slow_surprise, mainiacjoe_overflow_24_doors,
          nicolae_overflow_crystal_walls, ashenzari_conservatory_becter,
          serial_shops, shop, serial_curves, eino_curves_02, eino_curves_01,
          hellmonk_no_cap
D:4:      layout_rooms, nicolae_wu_jian_wuxing_cycle
D:5:      layout_basic, serial_shops, nicolae_shop_peninsula,
          uniq_prince_ribbit1, uniq_ijyb, uniq_menkaure, uniq_blork_the_orc,
          uniq_eustachio
D:6:      layout_loops_cross, lemuel_tele_altar, serial_shops,
          nicolae_square_shop, nicolae_shop_just_a_little_nook,
          nicolae_shop_tiny_glass, shop, uniq_crazy_yiuf_cottage
D:7:      layout_loops_corners, minmay_temple_entry_glass, uniq_maggie
D:8:      layout_gridville, grunt_temple_overflow_cloverleaf, bloody_makhleb,
          serial_shops, nicolae_shop_hallway_stairs, enter_bailey_5,
          minmay_misc_feat_iff, kennysheep_kite_vault, uniq_pikel, uniq_joseph,
          uniq_grum
D:9:      layout_rooms, mainiacjoe_overflow_paths, david_orc_3
Temple:   zaba_magenta_temple

Skill      XL: |  1  2  3  4  5  6  7  8  9 10 |
---------------+-------------------------------+-----
Poison Magic   | 4 5 6 8 9 11 12 | 12.0
Spellcasting   | 5 9 11 | 11.5
Dodging        | |  2.0
Stealth        | |  2.6
Transmutations | |  1.0

Action                     |  1- 3 |  4- 6 |  7- 9 | 10-12 || total
---------------------------+-------+-------+-------+-------++-------
  Melee: Rapier            |    45 |    14 |   158 |    59 ||   276
         Tentacles         |    11 |    14 |    31 |    16 ||    72
         Constrict         |    11 |    15 |    37 |    14 ||    77
         Dagger            |     6 |    45 |       |       ||    51
         Punch             |       |       |     1 |       ||     1
   Cast: Sting             |     4 |       |       |       ||     4
         Poisonous Vapours |     5 |    18 |    59 |    20 ||   102
         Olgreb's Toxic Ra |       |       |    14 |    11 ||    25
         Mephitic Cloud    |       |       |     1 |       ||     1
    Use: Scroll            |     3 |     8 |     6 |       ||    17
         Potion            |     3 |     3 |     3 |       ||     9
   Stab: Sleeping          |    11 |    10 |    20 |       ||    41
         Distracted        |       |       |       |     1 ||     1
 Armour: Skin              |     3 |       |     1 |     4 ||     8
  Dodge: Dodged            |    34 |    39 |   129 |    71 ||   273
